 Dungeon Crawl Stone Soup version 0.31-a0-1338-gb567cfdca4 (webtiles) character file.

Game seed: 2852725543910722853

603 grandjackal the Trooper (level 7, -14/75 HPs)
             Began as an Oni Gladiator on Dec 21, 2023.
             Was an Initiate of Okawaru.
             Demolished by Pikel
             ... wielding a +1 whip of electrocution
              (16 damage)
             ... on level 4 of the Dungeon.
             The game lasted 00:04:05 (4475 turns).

grandjackal the Trooper (Oni Gladiator)             Turns: 4475, Time: 00:04:07

Health: -14/75     AC:  4    Str: 21    XL:     7   Next: 42%
Magic:  9/9        EV: 10    Int:  9    God:    Okawaru [......]
Gold:   204        SH:  0    Dex: 10    Spells: 6/6 levels left

rFire   . . .        B - +0 giant club
rCold   . . .        (shield currently unavailable)
rNeg    . . .        b - +0 robe
rPois   .            c - +0 hat
rElec   .            z - +0 cloak
rCorr   .            (gloves unavailable)
SInv    .            (boots unavailable)
Will    .....        (no amulet)
Stlth   +            (no ring)
HPRegen 0.32/turn    (no ring)
MPRegen 0.11/turn

%: no passive effects
@: no status effects
A: drunken brawling, large, unfitting armour, horns 1, tough skin 1, double
potion healing
a: Renounce Religion


You were on level 4 of the Dungeon.
You worshipped Okawaru.
Okawaru was noncommittal.
You visited 2 branches of the dungeon, and saw 6 of its levels.

You collected 204 gold pieces.

Inventory:

Hand Weapons
 a - a +0 flail
 B - a +0 giant club (weapon)
Missiles
 d - 3 throwing nets
 e - a large rock
 o - 3 boomerangs (quivered)
Armour
 b - a +0 robe (worn)
 c - a +0 hat (worn)
 z - a +0 cloak (worn)
Scrolls
 g - a scroll of brand weapon {unknown}
 h - 2 scrolls of immolation {unknown}
 i - 3 scrolls of identify {unknown}
 j - a scroll of acquirement {unknown}
 l - 2 scrolls of teleportation {unknown}
 n - 2 scrolls of fog {unknown}
 r - a scroll of vulnerability {unknown}
 s - a scroll of enchant weapon {unknown}
 u - a scroll of fear {unknown}
 v - a scroll of blinking {unknown}
 w - a scroll of enchant armour {unknown}
 x - a scroll of poison {unknown}
 y - a scroll of summoning {unknown}
Potions
 f - a potion of heal wounds {unknown}
 k - 4 potions of curing {unknown}
 m - 2 potions of lignification {unknown}
 p - 4 potions of resistance {unknown}
 q - a potion of magic {unknown}
 t - a potion of haste {unknown}
 A - a potion of mutation {unknown}


   Skills:
 + Level 6.0 Fighting
 + Level 5.1 Maces & Flails
 + Level 4.4 Throwing
 - Level 3.0 Dodging
 + Level 2.8 Invocations


You had 6 spell levels left.
You didn't know any spells.
Your spell library contained the following spells:

 Spells                   Type           Power      Damage    Failure   Level
 Magic Dart               Conj           0%         1d3       38%         1
 Slow                     Hex            0%         N/A       38%         1
 Blink                    Tloc           0%         N/A       52%         2
 Confusing Touch          Hex            0%         N/A       77%         3
 Gell's Gravitas          Tloc           0%         N/A       77%         3
 Sigil of Binding         Hex            0%         N/A       77%         3
 Teleport Other           Tloc           0%         N/A       77%         3
 Vampiric Draining        Necr           0%         2d6       77%         3
 Dispersal                Tloc           0%         N/A       100%        6
 Call Imp                 Summ           Unusable   N/A       N/A         2

Dungeon Overview and Level Annotations

Branches:
Dungeon (5/15)             Temple (1/1) D:4

Altars:
Ashenzari
Cheibriados
Dithmenos
Elyvilon
Fedhas
Gozag
Hepliaklqana
Kikubaaqudgha
Makhleb
Nemelex Xobeh
Okawaru
Qazlal
Ru
Sif Muna
Uskayaw
Vehumet
Wu Jian
Xom
Yredelemnul
Zin
The Shining One

Shops:
D:3 :

Annotations:
D:3 1 runed translucent door, Crazy Yiuf
D:4 Pikel


Innate Abilities, Weirdness & Mutations

Whenever you drink a potion that restores your health or magic, you attack all enemies around you.
You are too large for most types of armour.
You have a pair of small horns on your head.
You have tough skin. (AC +1)
Whenever you drink a potion that restores your health or magic, it restores twice as much.


Message History

Pikel hits you with a +1 whip of electrocution.
You barely miss the lemure.
The lemure is heavily wounded.
The lemure barely misses you.
You miss the lemure. Your headbutt misses the lemure.
The lemure is heavily wounded.
The lemure barely misses you.
You closely miss Pikel. Your headbutt misses Pikel. Pikel barely misses you.
You closely miss Pikel. Your headbutt misses Pikel.
Pikel completely misses you.
You hit Pikel but do no damage. Pikel closely misses you.
You hit Pikel. Your headbutt misses Pikel.
Pikel is lightly wounded.
Pikel barely misses you.
Pikel hits you with a +1 whip of electrocution.
You are electrocuted!!
You bludgeon Pikel!! Your headbutt misses Pikel.
Pikel is severely wounded.
Pikel hits you with a +1 whip of electrocution.
You closely miss Pikel. Your headbutt misses Pikel.
Pikel is severely wounded.
Pikel barely misses you.
You hit Pikel.
Pikel is almost dead.
Pikel closely misses you.
Pikel hits you with a +1 whip of electrocution!
* * * LOW HITPOINT WARNING * * *
You are electrocuted!
* * * LOW HITPOINT WARNING * * *
You closely miss Pikel. Your headbutt misses Pikel.
Pikel is almost dead.
Pikel misses you.
You hit Pikel but do no damage. You headbutt Pikel, but do no damage.
Pikel is almost dead.
Pikel barely misses you.
Pikel hits you with a +1 whip of electrocution.
* * * LOW HITPOINT WARNING * * *
You are electrocuted!
You die...
Pikel says, "Another soul for the market."

##..######........# ##..........
##..## ######..## ##......)....
##..# ##)...###...#........
##.#######)........#.#........
##...##....>.##......##.......
####..........####.####.##..)[...
.....##.##.#..####.# #....######
.######....#.###...# ###..###
#####....###.# #@### #......#####
#.....#......# #K# #.####..[...
..#########.####5# #.# ######.
### ######......# ###.# #.
#.........#.###...# #<
#......>..#.##..### #####.
#...################ #...).
#...#~~~#~~~~~~~~~~####.####
#...###~~#######~~~~~~..##


You could see Pikel and a lemure.

Vanquished Creatures
  Eustachio (D:4)
  An ogre (D:4)
  A howler monkey (D:5)
  2 orc priests (D:4)
  A hound (D:2)
  Terence (D:3)
  An orc wizard (D:4)
  11 adders
  3 gnolls (D:4)
  A bombardier beetle (D:4)
  2 dart slugs
  3 orcs
  5 endoplasms
  2 giant cockroaches
  5 goblins
  7 hobgoblins
  5 jackals (D:4)
  7 kobolds
  6 quokkas
  8 ball pythons
  2 bats (D:3)
  4 rats
79 creatures vanquished.

Notes
Turn   | Place    | Note
-------+----------+-------------------------------------------
     0 | D:1      | grandjackal the Oni Gladiator began the quest for the Orb.
     0 | D:1      | Reached XP level 1. HP: 22/22 MP: 1/1
   182 | D:1      | Reached skill level 3 in Fighting
   182 | D:1      | Reached XP level 2. HP: 31/31 MP: 2/2
   875 | D:2      | Reached XP level 3. HP: 34/36 MP: 3/3
  1118 | D:2      | Found a faded altar of an unknown god.
  1349 | D:2      | Reached XP level 4. HP: 38/48 MP: 4/4
  1516 | D:2      | Reached skill level 4 in Fighting
  1756 | D:2      | Reached XP level 5. HP: 55/55 MP: 5/5
  2034 | D:3      | Found Esyklequu's Book Boutique.
  2230 | D:3      | Found a shadowy altar of Dithmenos.
  2326 | D:3      | Noticed Terence
  2341 | D:3      | Killed Terence
  2594 | D:3      | Found a runed translucent door.
  2595 | D:3      | Noticed Crazy Yiuf
  2977 | D:4      | Found a staircase to the Ecumenical Temple.
  2992 | Temple   | Entered the Ecumenical Temple
  3011 | Temple   | Became a worshipper of Warmaster Okawaru
  3044 | D:4      | Noticed Eustachio
  3057 | D:4      | Killed Eustachio
  3058 | D:4      | Reached skill level 5 in Fighting
  3058 | D:4      | Reached skill level 1 in Invocations
  3058 | D:4      | Reached XP level 6. HP: 19/66 MP: 5/7
  3594 | D:4      | Reached XP level 7. HP: 47/72 MP: 8/8
  4087 | D:5      | Entered Level 5 of the Dungeon
  4294 | D:4      | Reached skill level 6 in Fighting
  4294 | D:4      | Reached skill level 5 in Maces & Flails
  4454 | D:5      | Noticed Pikel
  4475 | D:4      | HP: 2/75 [Pikel/+1 whip of electrocution (4)]
  4475 | D:4      | Demolished by Pikel

Illustrated notes

Levels and vault maps discovered:
D:1:      roderic_crop_circles_arrival_small, layout_basic
D:2:      layout_basic, hellmonk_ecumenical_altar_zigzags, minmay_snake_closets
D:3:      layout_rooms, mainiacjoe_overflow_concentric_impassable, serial_shops,
          nicolae_shop_rolling_square, uniq_terence, uniq_crazy_yiuf_cottage
D:4:      layout_rooms, temple_pool_b, serial_rivers,
          chequers_serial_rivers_micro_e, chequers_serial_rivers_small_b,
          chequers_serial_rivers_large_b, chequers_serial_rivers_micro_b,
          chequers_serial_rivers_micro_e, chequers_serial_rivers_small_b,
          uniq_eustachio
D:5:      layout_basic, uniq_pikel
Temple:   nicolae_temple_slightly_damp_pantheon

Skill      XL: |  1  2  3  4  5  6  7 |
---------------+----------------------+-----
Fighting       | 3 4 5 6 |  6.0
Dodging        | 3 |  3.0
Throwing       | 3 4 |  4.4
Maces & Flails | 4 5 |  5.1
Invocations    | 1 2 |  2.8

Action                     |  1- 3 |  4- 6 |  7- 9 || total
---------------------------+-------+-------+-------++-------
  Melee: Flail             |    87 |   116 |    26 ||   229
         Headbutt          |    14 |    21 |     7 ||    42
         Punch             |       |     1 |       ||     1
         Giant club        |       |       |    13 ||    13
  Throw: Boomerang         |       |     5 |     2 ||     7
         Large rock        |       |     1 |       ||     1
   Stab: Sleeping          |       |     1 |       ||     1
 Armour: Robe              |    62 |    99 |    24 ||   185
  Dodge: Dodged            |    53 |    75 |    17 ||   145

Table legend: (Time is in decaauts)
 A = Elapsed time spent in this place.
 B = Non-inter-level travel time spent in this place.
 C = Inter-level travel time spent in this place.
 D = Time resting spent in this place.
 E = Time spent auto-exploring this place.
 F = Levels seen in this place.
 G = Mean time per level.
                   A        B        C        D        E       F      G
               +--------+--------+--------+--------+--------+-----+--------+
         Total |   4530 |   4260 |    270 |   1178 |   2403 |   6 |  755.0 |
       Dungeon |   4492 |   4259 |    233 |   1178 |   2403 |   5 |  898.4 |
        Temple |     38 |      1 |     37 |      0 |      0 |   1 |   38.0 |
               +--------+--------+--------+--------+--------+-----+--------+

Top non-repeatable levels by time:
     D:4: 1456 daAuts
     D:2: 1103 daAuts
     D:3: 1001 daAuts
     D:1: 882 daAuts
     D:5: 49 daAuts
  Temple: 38 daAuts
